 Dungeon Crawl Stone Soup version 0.30.1-9-gdf580d7c3d (webtiles) character file.

Game seed: 5573551211758642415

17536 Peloso the Carver (level 12, -1/110 HPs)
             Began as a Minotaur Fighter on Sept 30, 2023.
             Was an Elder of Okawaru.
             Slain by a black mamba (9 damage)
             ... on level 3 of the Lair of Beasts.
             The game lasted 00:21:35 (13543 turns).

Peloso the Carver (Minotaur Fighter)               Turns: 13543, Time: 00:21:36

Health: -1/110     AC: 20    Str: 21    XL:     12   Next: 19%
Magic:  11/11      EV:  8    Int:  5    God:    Okawaru [****..]
Gold:   809        SH:  6    Dex: 15    Spells: 11/11 levels left

rFire   . . .        b - +3 long sword
rCold   . . .        d - +0 buckler {reflect}
rNeg    . . .        B - +0 plate armour
rPois   .            (helmet restricted)
rElec   .            (no cloak)
rCorr   +            (no gloves)
SInv    .            (no boots)
Will    .....        (no amulet) Stlth
                     n - ring of resist corrosion
HPRegen 0.38/turn    y - +4 ring of protection
MPRegen 0.12/turn

%: reflection
@: lethally poisoned (-1 -> -10), silenced, studying Throwing
A: horns 2, retaliatory headbutt
a: Renounce Religion


You were on level 3 of the Lair of Beasts.
You worshipped Okawaru.
Okawaru was greatly pleased with you.
You visited 3 branches of the dungeon, and saw 15 of its levels.

You collected 809 gold pieces.

Inventory:

Hand Weapons
 a - a +0 long sword of draining
 b - a +3 long sword (weapon)
Missiles
 J - 3 throwing nets (quivered)
Armour
 c - a +0 chain mail
 d - a +0 buckler of reflection (worn)
 B - a +0 plate armour (worn)
Jewellery
 n - a ring of resist corrosion (left hand)
 y - a +4 ring of protection (right hand)
 A - an amulet of the acrobat
 C - a +6 ring of strength
 D - an amulet of magic regeneration
 F - a ring of ice
Wands
 p - a wand of iceblast (12)
 q - a wand of charming (19)
 t - a wand of mindburst (23)
 E - a wand of digging (13)
 G - a wand of polymorph (4)
 H - a wand of flame (3)
Scrolls
 e - a scroll of blinking {unknown}
 f - 5 scrolls of noise
 g - 3 scrolls of fear
 i - 2 scrolls of amnesia
 j - 5 scrolls of teleportation
 k - 6 scrolls of fog
 l - a scroll of silence
 o - 3 scrolls of immolation {unknown}
 w - a scroll of brand weapon
 x - a scroll of poison
Potions
 h - 2 potions of might
 m - 3 potions of lignification
 r - 3 potions of magic
 s - 2 potions of haste
 v - 2 potions of curing
 z - a potion of brilliance
 I - a potion of cancellation


   Skills:
 + Level 11.1 Fighting
 + Level 13.9 Long Blades
 + Level 13.7 Armour
 + Level 4.5 Dodging
 + Level 1.4 Stealth
 + Level 9.3 Shields
 + Level 0.5 Invocations


You had 11 spell levels left.
You didn't know any spells.
Your spell library contained the following spells:

 Spells                   Type           Power      Damage    Failure   Level
 Beastly Appendage        Tmut           0%         N/A       100%        1
 Wereblood                Tmut           0%         N/A       100%        2
 Ozocubu's Armour         Ice            0%         N/A       100%        3
 Portal Projectile        Hex/Tloc       0%         N/A       100%        3
 Spider Form              Tmut/Pois      0%         N/A       100%        3
 Leda's Liquefaction      Hex/Erth       0%         N/A       100%        4
 Arcjolt                  Conj/Air       0%         1d10      100%        5
 Silence                  Hex/Air        0%         N/A       100%        5
 Ozocubu's Refrigeration  Ice            0%         4d7       100%        7
 Borgnjor's Revivificati  Necr           0%         N/A       100%        8
 Necromutation            Tmut/Necr      0%         N/A       100%        8
 Death's Door             Necr           0%         N/A       100%        9
 Call Canine Familiar     Summ           Unusable   N/A       N/A         3

Dungeon Overview and Level Annotations

Branches:
Dungeon (11/15)            Temple (1/1) D:6            Lair (3/5) D:11
  Swamp: Lair:2-3    Shoals: Lair:2-3     Snake: Lair:2-3    Spider: Lair:2-3
    Orc: D:9-12

Altars:
Ashenzari
Cheibriados
Dithmenos
Elyvilon
Fedhas
Gozag
Hepliaklqana
Kikubaaqudgha
Makhleb
Nemelex Xobeh
Okawaru
Qazlal
Ru
Sif Muna
Trog
Uskayaw
Vehumet
Wu Jian
Xom
Yredelemnul
Zin
The Shining One

Shops:
D:9 (

Annotations:
D:10 1 runed translucent door, Ratslayer's ghost, novice MiBe


Innate Abilities, Weirdness & Mutations

You have a pair of horns on your head.
You reflexively headbutt those who attack you in melee.


Message History

The black mamba bites you but does no damage.
The rime drake bites you but does no damage.
You feel better. The ice encasing you melts away.
The black mamba bites you but does no damage.
A black bear comes into view.
You block the black mamba's attack. The rime drake breathes ice at you.
The icy flash freeze hits you!
* * * LOW HITPOINT WARNING * * *
You are encased in ice.
You closely miss the rime drake.
The rime drake is severely wounded.
The black mamba barely misses you. The rime drake closely misses you.
You furiously retaliate!
You headbutt the rime drake.
Unknown command.
You slash the rime drake!
You kill the rime drake!
Okawaru accepts your kill. The black mamba completely misses you.
You furiously retaliate!
You headbutt the black mamba!
The black mamba bites you but does no damage.
Unknown command.
The black mamba bites you but does no damage.
You see here a rime drake corpse.
The ice encasing you melts away. You block the black mamba's attack.
The black mamba bites you!
* * * LOW HITPOINT WARNING * * *
You are lethally poisoned!
The black mamba poisons you!
The black mamba attacks as you move away!
The black mamba bites you but does no damage.
* * * LOW HITPOINT WARNING * * *
You feel very sick.
The black mamba attacks as you move away!
The black mamba barely misses you.
* * * LOW HITPOINT WARNING * * *
You feel very sick. The black mamba bites you!
You die...

##. ...##...........
♣#... ..#.............
.... #......[....... #...
##.......>...... +...
##...............
#...###................
♣.##.............N.......
♣.....†††....@S.†=.......
♣........................
♣.................h......
.........................
.#+#.....................
.......................
....$...................
♣.....<..................
.......#................


You could see a black mamba, a black bear and a naga.

Vanquished Creatures
  Harold (D:11)
  2 two-headed ogres
  An ugly thing (D:11)
  A cyclops (D:11)
  An elephant (D:11)
  2 black mambas (Lair:1)
  2 cane toads
  4 komodo dragons
  An unseen horror (D:10)
  A kobold demonologist (D:9)
  3 rime drakes
  2 trolls
  18 yaks
  3 wraiths
  6 wyverns
  3 shadows
  2 basilisks
  Eustachio (D:5)
  2 water moccasins
  7 orc warriors
  2 ice beasts
  2 black bears
  5 centaurs
  3 wolves (Lair:1)
  4 ogres
  A phantom (D:3)
  7 bullfrogs
  A gnoll sergeant (D:8)
  4 kobold brigands
  4 scorpions
  A water moccasin zombie (D:4)
  11 wights
  12 killer bees
  A howler monkey (D:10)
  A centaur zombie (D:4)
  10 orc priests
  A bullfrog skeleton (D:4)
  A jelly (D:4)
  2 hounds (D:7)
  Jessica (D:2)
  5 iguanas
  10 orc wizards
  5 hell rats (Lair:1)
  3 scorpion zombies (D:4)
  2 hound zombies (D:4)
  9 gnolls
  13 adders
  A shadow imp (D:5)
  2 ufetubi
  An adder zombie (D:4)
  3 worms
  2 dart slugs
  38 orcs
  9 endoplasms
  8 giant cockroaches
  8 goblins
  6 hobgoblins
  4 jackals (D:1)
  2 quokkas
  7 ball pythons
  7 bats
  3 frilled lizards
  22 kobolds
  4 rats
311 creatures vanquished.

Notes
Turn   | Place    | Note
-------+----------+-------------------------------------------
     0 | D:1      | Peloso the Minotaur Fighter began the quest for the Orb.
     0 | D:1      | Reached XP level 1. HP: 19/19 MP: 0/0
    33 | D:1      | Reached XP level 2. HP: 27/27 MP: 1/1
   462 | D:2      | Reached XP level 3. HP: 33/33 MP: 2/2
   623 | D:2      | Reached XP level 4. HP: 35/41 MP: 3/3
   892 | D:2      | Noticed Jessica
   916 | D:2      | Killed Jessica
  1203 | D:2      | Reached XP level 5. HP: 19/47 MP: 4/4
  1443 | D:3      | Reached skill level 1 in Dodging
  1764 | D:4      | Noticed a phantom
  1958 | D:3      | Reached skill level 5 in Fighting
  1981 | D:3      | Killed a phantom
  1982 | D:3      | Reached skill level 5 in Armour
  1982 | D:3      | Reached XP level 6. HP: 37/56 MP: 5/5
  2068 | D:4      | Reached skill level 5 in Long Blades
  2178 | D:4      | You fall into a shaft and drop 1 floor!
  2178 | D:5      | Entered Level 5 of the Dungeon
  2368 | D:5      | Reached XP level 7. HP: 49/61 MP: 6/6
  2642 | D:4      | Reached skill level 5 in Shields
  3507 | D:5      | Reached XP level 8. HP: 64/70 MP: 7/7
  3684 | D:5      | Noticed Eustachio
  3698 | D:5      | Killed Eustachio
  4135 | D:6      | Found a staircase to the Ecumenical Temple.
  4160 | Temple   | Entered the Ecumenical Temple
  4360 | D:6      | Found a shadowy altar of Dithmenos.
  4865 | D:6      | Found an ancient bone altar of Kikubaaqudgha.
  4865 | D:6      | Found a glowing golden altar of the Shining One.
  4866 | D:6      | Found a shimmering altar of Xom.
  4964 | D:6      | Reached XP level 9. HP: 62/77 MP: 8/8
  5907 | D:7      | Found a glowing silver altar of Zin.
  5914 | D:7      | Found a basalt altar of Yredelemnul.
  5915 | D:7      | Found a broken altar of Ashenzari.
  5917 | D:7      | Found a bloodstained altar of Trog.
  5918 | D:7      | Found a hide-covered altar of Uskayaw.
  5918 | D:7      | Found a sparkling altar of Nemelex Xobeh.
  5928 | D:7      | Found a burning altar of Makhleb.
  6479 | D:8      | Reached skill level 10 in Long Blades
  6720 | D:8      | Reached skill level 1 in Stealth
  7396 | D:8      | Found a hazy altar of Hepliaklqana.
  7440 | D:8      | Reached skill level 10 in Armour
  7501 | D:8      | Reached XP level 10. HP: 48/85 MP: 9/9
  7771 | D:9      | Found a stormy altar of Qazlal.
  7948 | D:9      | Found Uczikked's Antique Weapon Shoppe.
  8447 | D:9      | Noticed a two-headed ogre
  8457 | D:9      | Killed a two-headed ogre
  8612 | D:9      | Noticed an orange demon
  8976 | D:9      | Noticed a rust devil
  9125 | D:10     | Entered Level 10 of the Dungeon
  9529 | D:10     | Reached XP level 11. HP: 86/97 MP: 10/10
  9654 | D:10     | Found an iron altar of Okawaru.
  9723 | D:10     | Became a worshipper of Warmaster Okawaru
  9757 | D:10     | Got the Atlas of the Welkin
 10014 | D:10     | Found a runed translucent door.
 10016 | D:10     | Noticed Ratslayer's ghost (novice MiBe)
 10141 | D:10     | Found a sacrificial altar of Ru.
 10150 | D:10     | Found a white marble altar of Elyvilon.
 10343 | D:11     | Noticed Harold
 10357 | D:11     | Killed Harold
 10538 | D:11     | Reached * piety under Okawaru
 10565 | D:11     | Noticed a red ugly thing
 10571 | D:11     | Killed a red ugly thing
 10595 | D:11     | Found a staircase to the Lair.
 11372 | D:11     | Noticed a two-headed ogre
 11389 | D:11     | Killed a two-headed ogre
 11389 | D:11     | Reached ** piety under Okawaru
 11390 | D:11     | Reached skill level 10 in Fighting
 11703 | Lair:1   | Entered Level 1 of the Lair of Beasts
 12410 | Lair:1   | Reached *** piety under Okawaru
 12875 | Lair:1   | Reached XP level 12. HP: 91/108 MP: 11/11
 13193 | Lair:1   | Reached **** piety under Okawaru
 13487 | Lair:2   | You fall into a shaft and drop 1 floor!
 13543 | Lair:3   | Slain by a black mamba

Illustrated notes

Levels and vault maps discovered:
D:1:      co_arrival_square_in_a_square_in_a_square, layout_basic
D:2:      layout_rooms, chequers_decorated_corner, minmay_worlds_worst_comb,
          uniq_jessica
D:3:      layout_rooms, nrook_mini_backslash
D:4:      layout_cave_pools, serial_undead, serial_undead_a, serial_undead_f,
          serial_undead_b, serial_undead_e, guppyfry_early_orc_mine
D:5:      layout_gridville, corexii_corridor_pit, uniq_eustachio
D:6:      layout_basic, gammafunk_temple_overflow_forgotten,
          lemuel_doored_altar, minmay_temple_entry_glass
D:7:      layout_basic, nicolae_overflow_hallway_of_the_gods,
          grunt_ministairs_15
D:8:      layout_rooms, worldfamousw_hep_ancestral_shrine, nicolae_hexahallways,
          kennysheep_just_a_vault
D:9:      layout_roguey, mainiacjoe_overflow_six_doors_small, serial_shops,
          nicolae_shop_behind_doors
D:10:     layout_loops_cross, mainiacjoe_overflow_alcove_1,
          mainiacjoe_overflow_swirl, ebering_ghost_reflecting_pool
D:11:     minmay_the_grid_triangle_9x9_line_8_mashed
          [minmay_the_grid_triangle_9x9_dagger,
          minmay_the_grid_triangle_9x9_zippers_vertical,
          minmay_the_grid_triangle_9x9_shrine,
          minmay_the_grid_triangle_9x9_descending_squares,
          minmay_the_grid_triangle_9x9_pentomino_pain,
          minmay_the_grid_triangle_9x9_flanged_cone,
          minmay_the_grid_triangle_9x9_warning,
          minmay_the_grid_triangle_9x9_prize_center], layout_long_grid,
          david_lair_generic, kennysheep_nondescript, uniq_harold
Temple:   nicolae_temple_superstar
Lair:1:   layout_concentric_octagons, grunt_megastairs_2
Lair:2:   layout_regular_city, gammafunk_ghost_icy,
          grunt_forest_small_clearings, serial_bayou_shore_a, uniq_sonja
Lair:3:   layout_chaotic_city, palyth_hydra_swamp_entry,
          guppyfry_snake_entry_garden, portal_ice_cave_rime, grunt_megastairs_3

Skill      XL: |  1  2  3  4  5  6  7  8  9 10 11 12 |
---------------+-------------------------------------+-----
Shields        | 4 5 6 7 8 9 |  9.3
Fighting       | 4 5 6 7 9 10 11 | 11.1
Armour         | 4 5 6 7 10 11 13 | 13.7
Long Blades    | 3 4 5 7 9 10 11 13 | 13.9
Dodging        | 1 2 3 4 |  4.5
Stealth        | 1 |  1.4
Invocations    | |  0.5

Action                     |  1- 3 |  4- 6 |  7- 9 | 10-12 || total
---------------------------+-------+-------+-------+-------++-------
  Melee: Long sword        |    86 |   172 |   336 |   568 ||  1162
         Headbutt          |    13 |    33 |    86 |   137 ||   269
 Invoke: Heroism           |       |       |       |     6 ||     6
    Use: Potion            |     1 |     1 |       |     7 ||     9
         Scroll            |       |     1 |     3 |    11 ||    15
 Armour: Scale mail        |    51 |    31 |       |       ||    82
         Chain mail        |       |    71 |   166 |    53 ||   290
         Plate armour      |       |       |       |   292 ||   292
  Dodge: Dodged            |    52 |    78 |   116 |   193 ||   439
  Block: Buckler           |    21 |    47 |    95 |   139 ||   302
         Reflection        |       |       |       |     2 ||     2
